 Dungeon Crawl Stone Soup version 0.26-a0-658-gbdda728c12 (webtiles) character file.

Game seed: 13424456031230250489

6342 smeego the Slasher (level 10, -2/111 HPs)
             Began as an Octopode Fighter on Oct 4, 2020.
             Was a High Priest of Dithmenos.
             Slain by a centaur (3 damage)
             ... on level 11 of the Dungeon.
             The game lasted 00:19:42 (12252 turns).

smeego the Slasher (Octopode Fighter)              Turns: 12252, Time: 00:19:43

Health: -2/111     AC:  1    Str: 16    XL:     10   Next: 96%
Magic:  13/13      EV: 15    Int: 13    God:    Dithmenos [*****.]
Gold:   1274       SH: 12    Dex: 18    Spells: 7/11 levels left

rFire    + . .     SeeInvis +   O - +0 scimitar (curse)
rCold    + . .     Faith    .   b - +2 kite shield
rNeg     . . .     Spirit   .   (helmet restricted)
rPois    .         Reflect  .   (no amulet)
rElec    .         Harm     .   z - ring of see invisible
rCorr    +         Rampage  .   C - ring of protection from cold (curse)
MR       +....     Clarity  +   H - +6 ring of dexterity
Stlth    ..........             I - ring of protection from magic
HPRegen  0.28/turn              S - ring of resist corrosion
MPRegen  0.13/turn              (no ring)
                                (no ring)
                                (no ring)

@: berserking, marked, wreathed by umbra, very quick
A: almost no armour, stealthy swim, amphibious, 8 rings, constrict 8, camouflage
1, clarity, fire resistance 1, robust 1, gelatinous body 1
a: Shadow Step, Shadow Form, Renounce Religion


You were on level 11 of the Dungeon.
You worshipped Dithmenos.
Dithmenos was extremely pleased with you.
You visited 1 branch of the dungeon, and saw 11 of its levels.

You collected 1274 gold pieces.

Inventory:

Hand Weapons
 a - a +1 long sword
 t - a +0 hunting sling
 O - a cursed +0 scimitar (weapon)
Missiles
 f - 17 boomerangs
 u - 174 stones
 M - 16 poisoned darts (quivered)
Armour
 b - a +2 kite shield (worn)
Magical Staves
 A - an uncursed staff of conjuration
Jewellery
 k - an uncursed amulet of magic regeneration
 z - a ring of see invisible (left tentacle)
 C - a cursed ring of protection from cold (right tentacle)
 H - a +6 ring of dexterity (on tentacle)
 I - a ring of protection from magic (on tentacle)
 K - an uncursed ring of fire
 N - an uncursed amulet of regeneration
 Q - an uncursed ring of fire
 S - a ring of resist corrosion (on tentacle)
Wands
 n - a wand of digging (6)
 v - a wand of iceblast (14)
 y - a wand of flame (21)
 J - a wand of disintegration (10)
Scrolls
 d - 5 scrolls of teleportation
 e - 3 scrolls of enchant weapon
 j - 7 scrolls of remove curse
 m - 2 scrolls of fog
 p - a scroll of blinking
 r - a scroll of amnesia
 D - a scroll of enchant armour
 G - a scroll of summoning
 P - a scroll of silence
Potions
 c - 2 potions of might
 g - 8 potions of curing
 i - a potion of flight
 l - 4 potions of haste
 s - a potion of degeneration
 w - a potion of heal wounds
 x - 3 potions of stabbing
 B - a potion of invisibility
 F - a potion of brilliance
 L - a potion of resistance
 T - a potion of cancellation
Miscellaneous
 h - a tin of tremorstones (1/3)


   Skills:
 + Level 5.9 Fighting
 + Level 7.6 Long Blades
 + Level 5.0 Throwing
 + Level 5.9 Dodging
 + Level 7.3 Stealth
 + Level 6.0 Shields
 + Level 5.0 Unarmed Combat
 + Level 1.3 Spellcasting
 * Level 2.2 Summonings
 * Level 2.3 Translocations
 - Level 4.0 Invocations
 - Level 4.0 Evocations


You had 7 spell levels left.
You knew the following spells:

 Your Spells              Type           Power        Failure   Level
a - Call Imp              Summ           #.......     45%         2
b - Blink                 Tloc           N/A          45%         2

Your spell library contained the following spells:

 Spells                   Type           Power        Failure   Level
 Magic Dart               Conj           #...         65%         1
 Slow                     Hex            #.......     78%         2
 Conjure Flame            Conj/Fire      #.......     95%         3
 Mephitic Cloud           Conj/Pois/Air  #.......     95%         3


Dungeon Overview and Level Annotations

Branches:
Dungeon (11/15)            Temple (0/1) D:6            Lair (0/6) D:8
    Orc: D:9-12

Altars:
Cheibriados
Dithmenos
Gozag
Hepliaklqana
Kikubaaqudgha
Nemelex Xobeh
Ru
Uskayaw
Xom
The Shining One

Shops:
D:8 *

Annotations:
D:5 4 runed translucent doors
D:10 Josephine


Innate Abilities, Weirdness & Mutations

You cannot wear most types of armour.
You are very stealthy in the water. (Stealth+)
You are amphibious.
You can wear up to eight rings at the same time.
You can use your tentacles to constrict eight enemies at once.
Your skin changes colour to match your surroundings (Stealth+).
Your rubbery body absorbs attacks. (AC +1, EV +1)
You possess an exceptional clarity of mind.
Your flesh is heat resistant. (rF+)
You are robust. (+10% HP)


Message History

Dithmenos accepts your kill.
The bullfrog snags a nearby moth with its tongue.
The centaur wields a +0 shortbow.
The centaur shoots an arrow.
The arrow closely misses you.
Unknown command.
You hit the centaur.
You squeeze the centaur, but do no damage.
The centaur is moderately wounded.
The centaur completely misses you. You block the centaur's attack.
Unknown command.
You slash the centaur! You squeeze the centaur.
You kill the centaur!
Dithmenos accepts your kill. The centaur misses you.
Unknown command.
You slash the centaur! Your squeeze misses the centaur.
The centaur is heavily wounded.
Your shadow hits the centaur but does no damage.
The bullfrog misses you. The centaur hits you.
You die...

... ...
>...
.....
#....# #
#F..# #
###Fc#
##(@c#
###..###
##...##
###(.###
##..###
###..##
##
##..###
.####..##
..#..###


You could see 2 bullfrogs and 2 centaurs.

Vanquished Creatures
  Harold (D:11)
  Pikel (D:4)
  Maurice (D:11)
  Prince Ribbit (D:5)
  5 yaks (D:9)
  A wyvern (D:9)
  2 ice beasts
  2 orc warriors
  A hornet zombie (D:9)
  3 ogres
  4 centaurs
  A big kobold (D:7)
  3 bullfrogs
  A gnoll sergeant (D:9)
  A wyvern skeleton (D:9)
  3 scorpions
  6 killer bees (D:8)
  9 wights
  4 howler monkeys
  2 hounds
  11 orc priests
  A bullfrog skeleton (D:8)
  3 centaur skeletons
  16 orc wizards
  3 worker ants
  Robin (D:3)
  A worker ant zombie (D:6)
  9 gnolls
  A howler monkey skeleton (D:4)
  13 adders
  2 shadow imps
  3 white imps
  An ooze (D:1)
  An adder zombie (D:4)
  2 adder skeletons (D:4)
  4 worms
  A dart slug (D:3)
  6 leopard geckos
  35 orcs
  11 bats
  7 giant cockroaches
  18 goblins
  8 hobgoblins
  6 jackals
  14 kobolds
  6 quokkas
  A ball python (D:3)
  6 frilled lizards
  A jackal zombie (D:8)
  A quokka skeleton (D:4)
  7 rats
252 creatures vanquished.

Vanquished Creatures (collateral kills)
  An orc (D:8)
1 creature vanquished.

Vanquished Creatures (others)
  An orc warrior (D:8)
  30 plants
31 creatures vanquished.

Grand Total: 284 creatures vanquished

Notes
Turn   | Place    | Note
-------+----------+-------------------------------------------
     0 | D:1      | smeego the Octopode Fighter began the quest for the Orb.
     0 | D:1      | Reached XP level 1. HP: 16/16 MP: 1/1
   117 | D:1      | Reached XP level 2. HP: 18/21 MP: 2/2
   346 | D:1      | Reached skill level 1 in Stealth
   434 | D:1      | Reached XP level 3. HP: 26/26 MP: 3/3
  1447 | D:2      | Reached skill level 1 in Throwing
  1447 | D:2      | Reached skill level 1 in Unarmed Combat
  1447 | D:2      | Reached XP level 4. HP: 26/31 MP: 4/4
  1825 | D:2      | Found a shadowy altar of Dithmenos.
  1858 | D:2      | Became a worshipper of Dithmenos the Shadowed
  1976 | D:2      | Reached XP level 5. HP: 36/36 MP: 5/5
  2019 | D:2      | Found a sparkling altar of Nemelex Xobeh.
  2545 | D:3      | Reached * piety under Dithmenos
  2546 | D:3      | Noticed an ogre
  2556 | D:3      | Killed an ogre
  2556 | D:3      | Reached skill level 1 in Invocations
  2556 | D:3      | Reached skill level 1 in Evocations
  2556 | D:3      | Reached XP level 6. HP: 15/42 MP: 6/6
  2844 | D:3      | Found a sacrificial altar of Ru.
  2901 | D:3      | Noticed Robin
  3032 | D:3      | Found a glowing golden altar of the Shining One.
  3072 | D:3      | Killed Robin
  3305 | D:3      | Noticed an orc warrior
  3845 | D:4      | Reached XP level 7. HP: 47/47 MP: 8/8
  3915 | D:4      | Noticed Pikel
  3929 | D:4      | Killed Pikel
  3929 | D:4      | Reached XP level 8. HP: 52/54 MP: 9/9
  4074 | D:4      | Found a shimmering altar of Xom.
  4089 | D:4      | Reached ** piety under Dithmenos
  4245 | D:4      | Found a snail-covered altar of Cheibriados.
  4615 | D:5      | Entered Level 5 of the Dungeon
  4615 | D:5      | Noticed Prince Ribbit
  4624 | D:5      | Killed Prince Ribbit
  4633 | D:5      | Gained mutation: You possess an exceptional clarity of
                  | mind. [potion of mutation]
  4633 | D:5      | Gained mutation: Your flesh is heat resistant. (rF+)
                  | [potion of mutation]
  4633 | D:5      | Gained mutation: You are robust. (+10% HP) [potion of
                  | mutation]
  4747 | D:5      | Reached skill level 5 in Long Blades
  5114 | D:5      | Found a large runed translucent door.
  5114 | D:5      | Found a large runed translucent door.
  5163 | D:5      | Noticed a troll
  5176 | D:5      | Found a large runed translucent door.
  5176 | D:5      | Found a large runed translucent door.
  5947 | D:5      | Reached XP level 9. HP: 45/64 MP: 11/11
  6253 | D:5      | Reached skill level 5 in Stealth
  6545 | D:5      | Reached *** piety under Dithmenos
  7225 | D:6      | Found a staircase to the Ecumenical Temple.
  8628 | D:7      | Found a hide-covered altar of Uskayaw.
  8712 | D:8      | Found an ancient bone altar of Kikubaaqudgha.
  8718 | D:8      | Reached skill level 5 in Fighting
  8718 | D:8      | Reached skill level 5 in Shields
  8725 | D:8      | Reached skill level 5 in Dodging
  9279 | D:8      | Learned a level 2 spell: Call Imp
  9282 | D:8      | Learned a level 2 spell: Blink
  9295 | D:8      | Reached **** piety under Dithmenos
  9539 | D:8      | Found Gozag's Platinum Reserve.
  9541 | D:8      | Found an opulent altar of Gozag.
  9653 | D:8      | Reached XP level 10. HP: 72/72 MP: 13/13
  9682 | D:8      | Found a staircase to the Lair.
  9704 | D:8      | Found a hazy altar of Hepliaklqana.
 10531 | D:9      | Identified a scroll of acquirement
 10564 | D:9      | Found a sacrificial altar of Ru.
 11356 | D:10     | Entered Level 10 of the Dungeon
 11399 | D:10     | Reached skill level 1 in Translocations
 11552 | D:10     | Noticed a gargoyle
 11555 | D:10     | Reached skill level 1 in Summonings
 11913 | D:10     | Noticed Josephine
 11916 | D:11     | Noticed a boulder beetle
 11940 | D:11     | Acquired 602 gold pieces
 12121 | D:11     | Reached ***** piety under Dithmenos
 12170 | D:11     | Noticed Maurice
 12185 | D:11     | Killed Maurice
 12228 | D:11     | Noticed Harold
 12245 | D:11     | Killed Harold
 12245 | D:11     | Reached skill level 5 in Throwing
 12245 | D:11     | Reached skill level 5 in Unarmed Combat
 12245 | D:11     | Reached skill level 1 in Spellcasting
 12248 | D:11     | HP: 1/111 [centaur (10)]
 12252 | D:11     | Slain by a centaur

Illustrated notes

Levels and vault maps discovered:
D:1:      minmay_arrival_hallway, layout_rooms
D:2:      minmay_chambers_of_twos, layout_basic,
          nicolae_dithmenos_shadow_blocks, lemuel_coloured_pillars_altar
D:3:      layout_loops_cross, tso_metal_star, nicolae_ru_path_of_blood,
          uniq_robin
D:4:      layout_loops_ring, nicolae_overflow_crystal_walls, lemuel_round_altar,
          uniq_pikel
D:5:      layout_basic, serial_bayou, serial_bayou_pond_b, serial_bayou_lake_a,
          serial_bayou_shore_a, serial_bayou_ford_a,
          minmay_hollow_rounded_squares, uniq_prince_ribbit1
D:6:      layout_cave_pools, minmay_temple_entry_stoned_glass
D:7:      layout_gridville, eat_drink_and_be_merry_uskayaw, uniq_joseph
D:8:      layout_rooms, nicolae_gozag_zags_fifth_avenue, old_standard_altar,
          david_lair_shrubbed, basic_altar
D:9:      layout_basic, kennysheep_mini_moat
D:10:     layout_basic, orc_0_dummy, uniq_sonja, uniq_josephine
D:11:     layout_cave_pods, moated_statue, uniq_maurice, uniq_harold

Skill      XL: |  1  2  3  4  5  6  7  8  9 10 |
---------------+-------------------------------+-----
Stealth        | 1 2 3 4 6 7 |  7.3
Throwing       | 1 2 3 4 5 |  5.0
Unarmed Combat | 1 2 3 4 5 |  5.0
Long Blades    | 3 4 5 6 7 |  7.6
Invocations    | 1 2 3 4 |  4.0
Evocations     | 1 2 3 4 |  4.0
Fighting       | 4 5 |  5.9
Dodging        | 4 5 |  5.9
Shields        | 4 5 6 |  6.0
Translocations | 2 |  2.3
Summonings     | 2 |  2.2
Spellcasting   | 1 |  1.3

Action                   |  1- 3 |  4- 6 |  7- 9 | 10-12 || total
-------------------------+-------+-------+-------+-------++-------
Melee: Long sword        |    61 |   120 |   229 |    81 ||   491
       Tentacles         |    14 |    22 |    60 |    33 ||   129
       Constrict         |    20 |    44 |    69 |    22 ||   155
       Punch             |       |       |    12 |     5 ||    17
       Scimitar          |       |       |       |    22 ||    22
 Fire: Hunting sling     |       |       |     8 |       ||     8
Throw: Dart              |       |    21 |    21 |     9 ||    51
       Boomerang         |       |       |    33 |     3 ||    36
Evoke: Wand              |       |       |    11 |     5 ||    16
       Tin of tremorston |       |       |     1 |     2 ||     3
  Use: Scroll            |       |       |    17 |    10 ||    27
       Potion            |       |       |     3 |     2 ||     5
 Stab: Sleeping          |     2 |     7 |    13 |     7 ||    29
       Distracted        |       |     1 |       |     1 ||     2
Armor: Skin              |     6 |     6 |     2 |     1 ||    15
Dodge: Dodged            |    22 |    55 |   110 |    39 ||   226
Block: Kite shield       |    26 |    67 |   102 |    42 ||   237
       Rpst.: Long sword |    11 |    13 |    29 |     5 ||    58
       Scimitar          |       |       |       |     1 ||     1

Table legend: (Time is in decaauts)
 A = Elapsed time spent in this place.
 B = Non-inter-level travel time spent in this place.
 C = Inter-level travel time spent in this place.
 D = Time resting spent in this place.
 E = Time spent auto-exploring this place.
 F = Levels seen in this place.
 G = Mean time per level.
                   A        B        C        D        E       F      G
               +--------+--------+--------+--------+--------+-----+--------+
         Total |  12376 |  12057 |    319 |   2908 |   6973 |  11 | 1125.1 |
       Dungeon |  12376 |  12057 |    319 |   2908 |   6973 |  11 | 1125.1 |
               +--------+--------+--------+--------+--------+-----+--------+

Top non-repeatable levels by time:
     D:5: 2105 daAuts
     D:3: 1515 daAuts
     D:2: 1432 daAuts
     D:8: 1383 daAuts
     D:6: 1331 daAuts
     D:9: 1284 daAuts
     D:4: 971 daAuts
     D:1: 766 daAuts
     D:7: 688 daAuts
    D:10: 562 daAuts
    D:11: 333 daAuts
